 Dungeon Crawl Stone Soup version 0.29-a0-648-g6b26cc9f40 (webtiles) character file.

Game seed: 16324316892771333557

78 Essalna the Sneak (level 4, -1/21 HPs)
             Began as a Spriggan Enchanter on June 20, 2022.
             Slain by a gnoll
             ... wielding a +0 flail
              (3 damage)
             ... on level 1 of the Dungeon.
             The game lasted 00:05:32 (2469 turns).

Essalna the Sneak (Spriggan Enchanter)              Turns: 2469, Time: 00:05:32

Health: -1/21      AC:  4    Str:  4    XL:     4   Next: 15%
Magic:  0/9        EV: 18    Int: 18    God:
Gold:   123        SH:  0    Dex: 15    Spells: 3/8 levels left

rFire   . . .      SeeInvis +   a - +1 dagger
rCold   . . .      Faith    .   (no shield)
rNeg    + . .      Spirit   .   h - +2 robe {rN+}
rPois   .          Reflect  .   (helmet restricted)
rElec   .          Harm     .   (no cloak)
rCorr   .          Rampage  .   (gloves unavailable)
Will    .....                   (boots unavailable)
Stlth   +++.......              (no amulet)
HPRegen 0.07/turn               (no ring)
MPRegen 0.11/turn               (no ring)

@: very slightly contaminated, very quick
A: very small, no large weapons, unfitting armour, see invisible, speed 3
a: no special abilities


You were on level 1 of the Dungeon.
You visited 1 branch of the dungeon, and saw 2 of its levels.

You collected 123 gold pieces.

Inventory:

Hand Weapons
 a - a +1 dagger (weapon)
Armour
 b - a +0 robe
 h - a +2 robe of positive energy (worn)
Jewellery
 f - an amulet of faith
 p - an amulet of guardian spirit
Wands
 l - a wand of mindburst (10)
Scrolls
 e - 2 scrolls of poison {unknown}
 g - 4 scrolls of identify {unknown}
 j - a scroll of teleportation {unknown}
 k - a scroll of noise {unknown}
 m - a scroll of vulnerability {unknown}
 q - 3 scrolls of summoning {unknown}
Potions
 c - 2 potions of invisibility
 d - a potion of haste {unknown}
 i - a potion of might {unknown}
 n - a potion of flight {unknown}
 o - a potion of degeneration {unknown}


   Skills:
 + Level 2.3 Short Blades
 + Level 3.7 Dodging
 + Level 5.4 Stealth
 - Level 2.6 Spellcasting
 + Level 4.4 Hexes


You had 3 spell levels left.
You knew the following spells:

 Your Spells              Type           Power      Damage    Failure   Level
a - Ensorcelled Hibernat  Hex/Ice        20%        N/A       11%         2
b - Confusing Touch       Hex            18%        N/A       9%          3

Your spell library contained the following spells:

 Spells                   Type           Power      Damage    Failure   Level
 Tukima's Dance           Hex            18%        N/A       9%          3
 Dazzling Flash           Conj/Hex       20%        N/A       21%         3
 Passwall                 Tmut/Erth      1%         N/A       26%         2
 Swiftness                Air            2%         N/A       45%         3


Dungeon Overview and Level Annotations

Branches:
Dungeon (2/15)

Altars:

Shops:
D:2 !


Innate Abilities, Weirdness & Mutations

You are very small and have problems with some larger weapons.
You are too small for most types of armour.
You have supernaturally acute eyesight. (SInv)
You cover ground extremely quickly. (Speed+++)


Message History

The gnoll resists with significant effort.
The gnoll closely misses you.
The gnoll resists with significant effort.
The gnoll misses you.
There is a stone staircase leading up here.
You climb upwards.
There is a stone staircase leading down here.
There is a stone staircase leading down here.
You climb downwards.
The gnoll hits you with a +0 whip.
The gnoll hits you from afar with a +0 spear.
The gnoll hits you with a +0 flail.
There is a stone staircase leading up, spattered with blood here.
The gnoll hits you with a +0 whip.
* * * LOW HITPOINT WARNING * * *
The gnoll barely misses you. The gnoll hits you but does no damage.
You climb upwards.
There is a stone staircase leading down here.
You see here a +0 dagger.
You see here a +0 ring mail.
You see here a bat skeleton.
A gnoll is nearby!
Casting: Ensorcelled Hibernation (safe; 11% risk of failure)
Confirm with . or Enter, or press ? or * to list all spells.
Okay, then.
Casting: Ensorcelled Hibernation (safe; 11% risk of failure)
Confirm with . or Enter, or press ? or * to list all spells.
Aiming: Ensorcelled Hibernation (safe; 11% risk of failure)
Press: ? - help, Shift-Dir - straight line, f - gnoll
Aim: a gnoll, wielding a +0 flail (slightly transparent, chance to affect: 52%)
You miscast Ensorcelled Hibernation.
You are very lightly contaminated with residual magic.
Nothing appears to happen.
Casting: Ensorcelled Hibernation (safe; 11% risk of failure)
Confirm with . or Enter, or press ? or * to list all spells.
The spell is quite dangerous to miscast (9% risk of failure)!
Continue anyway?
Your hands begin to glow red.
The gnoll hits you with a +0 flail.
* * * LOW HITPOINT WARNING * * *
You hit the gnoll but do no damage.
The gnoll appears confused.
The gnoll hits you with a +0 flail.
You die...

##.....#######.#######....#......
##........#.##.#..##.#########.##
##.......#...#.#...#.#########.#
..........#..#.#.........gg.##.#
....####.##.##.##..#.######.##.#
##### ####.#8(8#)##.# #.##.##
#...##.#####÷# #.##... ###
#.##.#.#####.# ##g##### ..#
#.##.#.#@g...# ##g..## #.#
#.##...####### ##.#.#.###
#.#######.##..##########.##.#...#
#.†.......##..#........>.....>..)
############..#.########.####...#
.###########..#.# ##.###..##
................# ##.#.#.#
.##########...### ##.##.# ##
#.#.# ####.#


You could see a gnoll (invisible, confused).

Vanquished Creatures
  An adder (D:2)
  2 worms (D:2)
  A dart slug (D:1)
  An orc (D:2)
  5 ball pythons
  7 endoplasms
  4 giant cockroaches
  7 goblins
  2 hobgoblins
  2 jackals (D:1)
  A quokka (D:2)
  3 bats
  5 frilled lizards
  13 kobolds
  2 rats
56 creatures vanquished.

Notes
Turn   | Place    | Note
-------+----------+-------------------------------------------
     0 | D:1      | Essalna the Spriggan Enchanter began the quest for the Orb.
     0 | D:1      | Reached XP level 1. HP: 9/9 MP: 5/5
   264 | D:1      | Reached XP level 2. HP: 7/13 MP: 6/6
  1149 | D:1      | Reached skill level 5 in Stealth
  1244 | D:1      | Learned a level 2 spell: Ensorcelled Hibernation
  1333 | D:1      | Reached XP level 3. HP: 16/16 MP: 8/8
  1725 | D:2      | Found Sefunk's Distillery.
  2005 | D:2      | Learned a level 3 spell: Confusing Touch
  2193 | D:2      | Reached XP level 4. HP: 21/21 MP: 2/9
  2469 | D:1      | Slain by a gnoll

Illustrated notes

Levels and vault maps discovered:
D:1:      lemuel_arrival_cross, layout_loops_ring, serial_bayou_crossing
D:2:      minmay_razor_zed, layout_basic, ebering_ecumenical_altar_rust,
          serial_shops, shop, minmay_misc_feat_room, minmay_indecisive_spiral

Skill      XL: |  1  2  3 |
---------------+----------+-----
Dodging        | 3 |  3.7
Hexes          | 4 |  4.4
Stealth        | 5 |  5.4
Short Blades   | 2 |  2.3
Spellcasting   | |  2.6

Action                   |  1- 3 |  4- 6 || total
-------------------------+-------+-------++-------
Melee: Dagger            |   116 |    11 ||   127
       Punch             |     3 |       ||     3
 Cast: Ensorcelled Hiber |    13 |     6 ||    19
       Confusing Touch   |       |     1 ||     1
 Stab: Sleeping          |    28 |     3 ||    31
Armor: Robe              |    14 |     1 ||    15
Dodge: Dodged            |    58 |     6 ||    64

Table legend: (Time is in decaauts)
 A = Elapsed time spent in this place.
 B = Non-inter-level travel time spent in this place.
 C = Inter-level travel time spent in this place.
 D = Time resting spent in this place.
 E = Time spent auto-exploring this place.
 F = Levels seen in this place.
 G = Mean time per level.
                   A        B        C        D        E       F      G
               +--------+--------+--------+--------+--------+-----+--------+
         Total |   1951 |   1928 |     23 |      0 |   1586 |   2 |  975.5 |
       Dungeon |   1951 |   1928 |     23 |      0 |   1586 |   2 |  975.5 |
               +--------+--------+--------+--------+--------+-----+--------+

Top non-repeatable levels by time:
     D:1: 1338 daAuts
     D:2: 612 daAuts
